 Dungeon Crawl Stone Soup version 0.29.1-15-g9cfb28693d (webtiles) character file.

Game seed: 8857966455781131683

9706 Fartwhistle the Martial Artist (level 11, -8/78 HPs)
             Began as an Octopode Transmuter on May 27, 2023.
             Was a High Priest of Cheibriados.
             Mangled by a komodo dragon (29 damage)
             ... on level 1 of the Lair of Beasts.
             The game lasted 00:29:52 (16468 turns).

Fartwhistle the Martial Artist (OpTm)              Turns: 16468, Time: 00:29:53

Health: -8/78      AC:  1    Str: 21    XL:     11   Next: 50%
Magic:  5/21       EV: 18    Int: 30    God:    Cheibriados [*****.]
Gold:   532        SH:  0    Dex: 30    Spells: 2/24 levels left

rFire   . . .      SeeInvis .     - Unarmed
rCold   . . .      Faith    +   (shield currently unavailable)
rNeg    . . .      Spirit   .   (helmet restricted)
rPois   .          Reflect  .   w - amulet of faith
rElec   .          Harm     .   l - ring of wizardry
rCorr   .          Rampage  .   m - ring of flight
Will    .....                   A - +6 ring of dexterity
Stlth   ++++......              (no ring)
HPRegen 0.23/turn               (no ring)
MPRegen 0.17/turn               (no ring)
                                (no ring)
                                (no ring)

@: lethally poisoned (-8 -> -14), blade tentacles, wereblooded, flying, very
slow
A: almost no armour, amphibious, 8 rings, camouflage 1, gelatinous body 1,
(nimble swimmer 1), tentacles
a: End Transformation, Renounce Religion, Bend Time, Temporal Distortion,
Slouch, Step From Time


You were on level 1 of the Lair of Beasts.
You worshipped Cheibriados.
Cheibriados was extremely pleased with you.
You had blades for main tentacles.
You visited 3 branches of the dungeon, and saw 12 of its levels.

You collected 532 gold pieces.

Inventory:

Jewellery
 e - a ring of ice
 l - a ring of wizardry (left blade tentacle)
 m - a ring of flight (right blade tentacle)
 w - an amulet of faith (around mantle)
 y - an amulet of magic regeneration
 A - a +6 ring of dexterity (on tentacle)
Wands
 k - a wand of paralysis (11)
 p - a wand of flame (24)
 C - a wand of acid (1)
Scrolls
 b - 2 scrolls of enchant weapon
 c - 4 scrolls of immolation
 h - 2 scrolls of poison {unknown}
 j - 2 scrolls of vulnerability {unknown}
 o - 4 scrolls of amnesia
 q - a scroll of brand weapon {unknown}
 s - a scroll of fear
 u - 6 scrolls of teleportation
 v - a scroll of magic mapping {unknown}
 x - a scroll of blinking
 z - a scroll of noise {unknown}
 D - a scroll of enchant armour {unknown}
Potions
 d - 4 potions of heal wounds
 f - 9 potions of curing
 g - 2 potions of might
 i - a potion of haste
 n - 3 potions of magic
 r - a potion of flight
 t - a potion of mutation {unknown}
 B - 2 potions of degeneration {unknown}
 E - a potion of cancellation


   Skills:
 + Level 8.4 Fighting
 + Level 5.5 Dodging
 - Level 1.1 Stealth
 + Level 8.9 Unarmed Combat
 - Level 7.1 Spellcasting
 - Level 7.3 Transmutations
 - Level 2.0 Ice Magic
 - Level 2.0 Poison Magic
 * Level 6.2 Invocations


You had 2 spell levels left.
You knew the following spells:

 Your Spells              Type           Power      Damage    Failure   Level
a - Beastly Appendage     Tmut           100%       N/A       3%          1
b - Spider Form           Tmut/Pois      38%        N/A       9%          3
c - Wereblood             Tmut           53%        N/A       4%          2
d - Ice Form              Ice/Tmut       38%        N/A       16%         4
e - Blade Hands           Tmut           26%        N/A       16%         5
f - Inner Flame           Hex/Fire       10%        N/A       26%         3
g - Cause Fear            Hex            5%         N/A       50%         4

Your spell library contained the following spells:

 Spells                   Type           Power      Damage    Failure   Level
 Apportation              Tloc           20%        N/A       13%         1
 Poisonous Vapours        Pois/Air       32%        N/A       13%         2
 Portal Projectile        Hex/Tloc       20%        N/A       26%         3
 Stone Arrow              Conj/Erth      20%        3d8       26%         3
 Tukima's Dance           Hex            10%        N/A       26%         3
 Alistair's Intoxication  Tmut/Pois      25%        N/A       30%         5
 Corpse Rot               Necr/Pois/Air  14%        N/A       43%         4
 Anguish                  Hex/Necr       5%         N/A       50%         4
 Leda's Liquefaction      Hex/Erth       5%         N/A       50%         4
 Passage of Golubria      Tloc           10%        N/A       50%         4
 Lee's Rapid Deconstruct  Erth           5%         3d7*      77%         5
 Silence                  Hex/Air        5%         N/A       77%         5
 Statue Form              Tmut/Erth      21%        N/A       82%         6
 Enfeeble                 Hex            5%         N/A       100%        7
 Discord                  Hex            5%         N/A       100%        8
 Lehudib's Crystal Spear  Conj/Erth      5%         10d3      100%        8
 Animate Armour           Summ/Erth      Unusable   N/A       N/A         4

Dungeon Overview and Level Annotations

Branches:
Dungeon (10/15)            Temple (1/1) D:5            Lair (1/5) D:8
    Orc: D:9-12

Altars:
Ashenzari
Cheibriados
Dithmenos
Elyvilon
Fedhas
Gozag
Hepliaklqana
Kikubaaqudgha
Makhleb
Nemelex Xobeh
Okawaru
Qazlal
Ru
Sif Muna
Trog
Uskayaw
Vehumet
Wu Jian
Xom
Yredelemnul
Zin
The Shining One

Annotations:
D:3 4 runed translucent doors, Crazy Yiuf; MrCrawl's ghost, amateur DsNe
D:10 3 runed translucent doors, Discosetron's ghost, journeyman DjFE; bmj180's ghost, journeyman DrFE; mandor's ghost, journeyman VSWr; nightchill's ghost, journeyman HOFi; xelsha's ghost, novice OgAE


Innate Abilities, Weirdness & Mutations

You have blades for main tentacles.
Your spellcasting is less reliable in this form.
You are incapable of wielding weapons or throwing items.
You cannot wear most types of armour.
You are amphibious.
You can wear up to eight rings at the same time.
Your skin changes colour to match your surroundings (Stealth+).
Your rubbery body absorbs attacks. (AC +1, EV +1)
((You are camouflaged when in or above water. (Stealth+)))
You have tentacles for arms and can constrict up to eight enemies at once.


Message History

You feel very sick. The water moccasin bites you.
You tentacle-slap the water moccasin. Your squeeze misses the water moccasin.
The water moccasin is heavily wounded.
You howl as the wereblood boils in your veins!
You constrict the water moccasin.
You feel very sick. The water moccasin misses you.
You tentacle-slap the water moccasin. You squeeze the water moccasin.
You feel a bit better.
You kill the water moccasin!
Cheibriados thoroughly appreciates the change of pace.
You feel sick.
You feel very sick.
A komodo dragon comes into view.
You see here a wolf corpse.
Casting: Wereblood (safe; 1% risk of failure)
Confirm with . or Enter, or press ? or * to list all spells.
Okay, then.
Casting: Wereblood (safe; 1% risk of failure)
Confirm with . or Enter, or press ? or * to list all spells.
Casting: Cause Fear (dangerous; 19% risk of failure)
Press: ? - help, Dir - look around, f - activate The komodo dragon resists with almost no effort.
The komodo dragon looks frightened!
You feel sick.
Casting: Cause Fear (dangerous; 19% risk of failure)
Confirm with . or Enter, or press ? or * to list all spells.
Casting: Cause Fear (dangerous; 19% risk of failure)
Press: ? - help, Dir - look around, f - activate The komodo dragon resists with almost no effort.
You feel sick.
Casting: Cause Fear (dangerous; 19% risk of failure)
Confirm with . or Enter, or press ? or * to list all spells.
Your main tentacles turn into razor-sharp scythe blades.
You feel sick.
You slash the komodo dragon! You squeeze the komodo dragon.
The komodo dragon is heavily wounded.
You howl as the wereblood boils in your veins!
You feel sick. The komodo dragon bites you!!
You die...

#.....#P.#.###...
#...............#
#####...............#
....................#
....................#
##.####.............#
.##..#. #.............#
.......##†#.##...###..#
.......#$@####..## >.#
......^##l# ##..#
.........†# ..#
.......##.# ..# .......
#†# ####### #.# #.# ..#
....


You could see a komodo dragon.

Vanquished Creatures
  2 two-headed ogres (D:10)
  Pikel (D:4)
  3 cane toads
  An unseen horror (D:10)
  A komodo dragon (Lair:1)
  2 hornets
  A wyvern (D:10)
  5 yaks (D:10)
  A basilisk (Lair:1)
  2 humans (D:7)
  A steam dragon (D:8)
  Menkaure (D:4)
  A water moccasin (Lair:1)
  4 ice beasts
  A sky beast (D:7)
  2 ogres
  4 centaurs
  10 wolves (Lair:1)
  A kobold brigand (D:9)
  2 phantoms
  2 bullfrogs
  A necrophage (D:7)
  2 scorpions
  A gnoll sergeant (D:10)
  14 wights
  8 killer bees
  2 electric eels (D:8)
  4 howler monkeys
  A jelly (D:4)
  A gnoll bouda (D:7)
  4 hounds
  6 orc priests
  Jessica (D:3)
  3 iguanas (D:6)
  Ijyb (D:4)
  11 orc wizards
  6 gnolls
  13 adders
  A shadow imp (D:6)
  2 white imps
  An ufetubus (D:6)
  A worm (D:4)
  2 dart slugs
  37 orcs
  4 ball pythons
  4 endoplasms
  2 giant cockroaches (D:2)
  8 goblins
  5 hobgoblins
  4 jackals (D:1)
  13 kobolds
  8 quokkas
  3 bats
  A frilled lizard (D:1)
  6 rats
229 creatures vanquished.

Vanquished Creatures (others)
  7 fungi (Lair:1)
  43 plants
50 creatures vanquished.

Grand Total: 279 creatures vanquished

Notes
Turn   | Place    | Note
-------+----------+-------------------------------------------
     0 | D:1      | Fartwhistle the Octopode Transmuter began the quest for the
                  | Orb.
     0 | D:1      | Reached XP level 1. HP: 13/13 MP: 3/3
   361 | D:1      | Reached XP level 2. HP: 17/18 MP: 5/5
   762 | D:1      | Reached XP level 3. HP: 19/23 MP: 6/6
   764 | D:1      | Reached skill level 1 in Stealth
  1190 | D:1      | Learned a level 3 spell: Spider Form
  1774 | D:2      | Reached XP level 4. HP: 23/28 MP: 5/8
  1777 | D:2      | Learned a level 2 spell: Wereblood
  1912 | D:2      | Reached skill level 1 in Poison Magic
  2497 | D:2      | Found a faded altar of an unknown god.
  2858 | D:3      | Noticed Jessica
  2868 | D:3      | Killed Jessica
  2869 | D:3      | Reached XP level 5. HP: 33/33 MP: 3/9
  2923 | D:3      | Found a runed translucent gate.
  2923 | D:3      | Found a runed translucent gate.
  2923 | D:3      | Found a runed translucent gate.
  2924 | D:3      | Noticed MrCrawl's ghost (amateur DsNe)
  3596 | D:3      | Learned a level 4 spell: Ice Form
  3712 | D:3      | Found a runed translucent door.
  3713 | D:3      | Noticed Crazy Yiuf
  4065 | D:4      | Noticed Ijyb
  4243 | D:4      | Killed Ijyb
  4347 | D:4      | Reached XP level 6. HP: 38/38 MP: 7/11
  4630 | D:4      | Reached skill level 1 in Ice Magic
  4753 | D:4      | Found a bloodstained altar of Trog.
  4952 | D:4      | Noticed Menkaure
  5627 | D:4      | Reached XP level 7. HP: 23/45 MP: 9/12
  6074 | D:4      | Killed Menkaure
  6154 | D:5      | Entered Level 5 of the Dungeon
  6230 | D:5      | Found a staircase to the Ecumenical Temple.
  6579 | D:5      | Noticed Pikel
  6614 | D:4      | Killed Pikel
  6615 | D:4      | Reached skill level 5 in Unarmed Combat
  6615 | D:4      | Reached skill level 5 in Spellcasting
  6615 | D:4      | Reached XP level 8. HP: 23/54 MP: 6/15
  7385 | D:5      | Reached skill level 5 in Fighting
  7756 | Temple   | Entered the Ecumenical Temple
  7956 | Temple   | Became a worshipper of Cheibriados the Contemplative
  8155 | D:6      | Reached XP level 9. HP: 61/61 MP: 17/17
  8425 | D:6      | Learned a level 5 spell: Blade Hands
  8510 | D:6      | Reached skill level 5 in Transmutations
  8536 | D:6      | Reached * piety under Cheibriados
  9387 | D:7      | Found an iron altar of Okawaru.
  9780 | D:7      | Reached ** piety under Cheibriados
 10672 | D:8      | Reached XP level 10. HP: 45/69 MP: 14/20
 11486 | D:8      | Found a staircase to the Lair.
 12586 | D:9      | Paralysed by a hornet for 2 turns
 12589 | D:9      | Reached *** piety under Cheibriados
 12943 | D:9      | Identified the +1 robe of Fabulous Fun {Drain Fly rC+++}
 13727 | D:10     | Entered Level 10 of the Dungeon
 13962 | D:9      | Learned a level 3 spell: Inner Flame
 14091 | D:10     | Noticed a two-headed ogre
 14104 | D:10     | Killed a two-headed ogre
 14352 | D:10     | Learned a level 4 spell: Cause Fear
 14410 | D:10     | Reached **** piety under Cheibriados
 14488 | D:10     | Noticed a two-headed ogre
 14497 | D:10     | Killed a two-headed ogre
 14542 | D:10     | Killed an unseen horror
 14561 | D:10     | Reached XP level 11. HP: 11/77 MP: 21/21
 14991 | D:10     | Found a runed translucent gate.
 14991 | D:10     | Found a runed translucent gate.
 14991 | D:10     | Found a runed translucent gate.
 14992 | D:10     | Noticed bmj180's ghost (journeyman DrFE)
 14993 | D:10     | Noticed mandor's ghost (journeyman VSWr)
 14993 | D:10     | Noticed nightchill's ghost (journeyman HOFi)
 14993 | D:10     | Noticed Discosetron's ghost (journeyman DjFE)
 14993 | D:10     | Noticed xelsha's ghost (novice OgAE)
 15945 | Lair:1   | Entered Level 1 of the Lair of Beasts
 15956 | D:8      | Reached skill level 5 in Dodging
 15956 | D:8      | Reached skill level 5 in Invocations
 16457 | Lair:1   | Reached ***** piety under Cheibriados
 16468 | Lair:1   | Mangled by a komodo dragon

Illustrated notes

Levels and vault maps discovered:
D:1:      ncdulo_lavacross, layout_basic
D:2:      layout_loops_corners, ebering_ecumenical_altar_abandoned,
          minmay_misc_feat_four_crosses
D:3:      minmay_angry_zag, layout_loops_ring, gammafunk_ghost_split,
          uniq_crazy_yiuf_cottage, uniq_jessica
D:4:      layout_loops_corners, amcnicky_altar_gilded, uniq_menkaure, uniq_ijyb
D:5:      layout_loops_cross, minmay_temple_entry_metal_lava, uniq_pikel
D:6:      layout_rooms
D:7:      layout_cave_pods, okawaru_humans, enter_bailey_8,
          minmay_misc_feat_rows, minmay_misc_feat_rugged, dk_noncrumbling_4
D:8:      layout_loops_ring, lair_entry_dummy, serial_bayou_lagoon_a,
          palyth_stone_intersect
D:9:      layout_roguey
D:10:     layout_irregular_city, gammafunk_ghost_cemetery
Temple:   nicolae_temple_slightly_damp_pantheon
Lair:1:   layout_regular_city, gammafunk_lair_bear_cave

Skill      XL: |  1  2  3  4  5  6  7  8  9 10 11 |
---------------+----------------------------------+-----
Stealth        | 1 |  1.1
Poison Magic   | 1 2 |  2.0
Transmutations | 3 4 6 7 |  7.3
Spellcasting   | 3 5 6 7 |  7.1
Ice Magic      | 1 2 |  2.0
Fighting       | 2 4 5 6 7 8 |  8.4
Unarmed Combat | 5 6 7 8 |  8.9
Dodging        | 4 5 |  5.5
Invocations    | 4 6 |  6.2

Action                   |  1- 3 |  4- 6 |  7- 9 | 10-12 || total
-------------------------+-------+-------+-------+-------++-------
Melee: Unarmed           |    87 |   149 |   156 |   150 ||   542
       Kick              |    18 |     8 |       |       ||    26
       Constrict         |    24 |    19 |    21 |    24 ||    88
       Tentacles         |     9 |    11 |    24 |    34 ||    78
       Punch             |     2 |     1 |     7 |    10 ||    20
 Cast: Beastly Appendage |    10 |     6 |     1 |       ||    17
       Spider Form       |       |     5 |       |       ||     5
       Wereblood         |       |     1 |     1 |     5 ||     7
       Ice Form          |       |     8 |    12 |       ||    20
       Blade Hands       |       |       |    14 |    30 ||    44
       Cause Fear        |       |       |       |     2 ||     2
Evoke: Wand              |       |     2 |    13 |    21 ||    36
  Use: Potion            |       |     1 |     3 |     1 ||     5
       Scroll            |       |       |     4 |     9 ||    13
 Stab: Sleeping          |     6 |    11 |     1 |     2 ||    20
       Paralysed         |       |       |     1 |     1 ||     2
       Fleeing           |       |       |       |     1 ||     1
       Distracted        |       |       |       |     1 ||     1
Armor: Skin              |     7 |    14 |    21 |    10 ||    52
Dodge: Dodged            |    56 |    85 |    93 |    92 ||   326
